 Dungeon Crawl Stone Soup version 0.24-a0-501-gc560d0b (webtiles) character file.

Game seed: 8649992489908144114

220 sl00ts the Changer (level 5, -3/33 HPs)
             Began as an Octopode Transmuter on July 16, 2019.
             Slain by an ogre
             ... wielding a +0 giant club
              (16 damage)
             ... on level 4 of the Dungeon.
             The game lasted 00:11:54 (3865 turns).

sl00ts the Changer (Octopode Transmuter)            Turns: 3865, Time: 00:11:55

Health: -3/33      AC:  1    Str: 10    XL:     5   Next: 97%
Magic:  8/8        EV: 13    Int: 15    God:
Gold:   225        SH:  0    Dex: 13    Spells: 2/8 levels left

rFire    . . .     SeeInvis .   f - +0 dagger (speed)
rCold    . . .     Gourm    .   (no shield)
rNeg     . . .     Faith    .   (helmet restricted)
rPois    +         Spirit   .   (no amulet)
rElec    .         Reflect  .   e - ring of poison resistance
rCorr    .         Harm     .   n - ring of flight
MR       .....                  (no ring)
Stlth    +++.......             (no ring)
HPRegen  0.11/turn              (no ring)
MPRegen  0.11/turn              (no ring)
                                (no ring)
                                (no ring)

@: appendage
A: almost no armour, stealthy swim, amphibious, 8 rings, constrict 8, tentacle
spike 3, camouflage 1, gelatinous body 1
a: End Transformation, Evoke Flight


You were on level 4 of the Dungeon.
You were not hungry.
One of your tentacles had a temporary spike.
You visited 1 branch of the dungeon, and saw 4 of its levels.

You collected 225 gold pieces.

Inventory:

Hand Weapons
 f - a +0 dagger of speed (weapon)
Missiles
 a - 49 arrows
Jewellery
 e - a ring of poison resistance (left tentacle)
 n - a ring of flight (right tentacle)
Wands
 t - a wand of iceblast (4)
Scrolls
 b - a scroll of amnesia {unknown}
 h - a scroll of random uselessness {unknown}
 j - 4 scrolls of remove curse
 l - 2 scrolls of teleportation {unknown}
 o - a scroll of enchant armour {unknown}
 q - a scroll of immolation {unknown}
 r - a scroll of blinking {unknown}
 u - a scroll of magic mapping
Potions
 d - 2 potions of haste
 g - a potion of might
 i - a potion of mutation
 k - a potion of curing {unknown}
 m - a potion of cancellation {unknown}
 p - a potion of flight {unknown}
 s - a potion of brilliance {unknown}
Comestibles
 c - 4 rations


   Skills:
 - Level 1.0 Fighting
 - Level 2.0 Dodging
 + Level 3.7 Stealth
 * Level 4.2 Unarmed Combat
 - Level 2.0 Spellcasting
 + Level 4.3 Transmutations


You had 2 spell levels left.
You knew the following spells:

 Your Spells              Type           Power        Failure   Level  Hunger
a - Beastly Appendage     Tmut           ##....       3%          1    #......
b - Blade Hands           Tmut           ##........   71%         5    ######.

Your spell library contained the following spells:

 Spells                   Type           Power        Failure   Level  Hunger
 Sticks to Snakes         Tmut           ##......     5%          2    ###....
 Spider Form              Tmut/Pois      #.........   26%         3    ###....
 Ice Form                 Ice/Tmut       #.......     65%         4    #####..


Dungeon Overview and Level Annotations

Branches:
Dungeon (4/15)
 Temple: D:4-7

Altars:


Innate Abilities, Weirdness & Mutations

You cannot wear most types of armour.
You are very stealthy in the water. (Stealth+)
You are amphibious.
You can wear up to eight rings at the same time.
You can use your tentacles to constrict eight enemies at once.
Your skin changes colour to match your surroundings (Stealth+).
Your rubbery body absorbs attacks. (AC +1, EV +1)
One of your tentacles bears a large vicious spike.


Message History

You hit the ogre.
The ogre is moderately wounded.
The ogre closely misses you.
You hit the ogre.
You pierce the ogre.
The ogre is heavily wounded.
You hit the ogre but do no damage. You squeeze the ogre!
The ogre is severely wounded.
The ogre closely misses you.
You hit the ogre.
The ogre is severely wounded.
You hit the ogre.
The ogre is severely wounded.
The ogre hits you with a +0 giant club!!
Ouch! That really hurt!
You hit the ogre.
The ogre is almost dead.
You hit the ogre.
The ogre is almost dead.
The ogre hits you with a +0 giant club!
You die...

# .## .<# #.# #.#.#
#.#.# ## #O#.# #.
#@#.# #. #.#.#
#.#### #.#.# #....#
##.#.# ##....#
#....# ##......
#..### #.......
#..# ####.......
#..# ##..........
#..#####.....##...#


You could see an ogre.

Vanquished Creatures
  2 worker ants (D:4)
  A gnoll (D:1)
  6 adders
  An ooze (D:2)
  8 worms
  A leopard gecko (D:3)
  2 orcs (D:3)
  13 giant cockroaches
  6 goblins
  11 hobgoblins
  8 kobolds
  A ball python (D:2)
  A ball python skeleton (D:4)
  11 bats
  5 frilled lizards
  3 rats (D:1)
  3 fungi (D:4)
  A toadstool (D:4)
84 creatures vanquished.

Vanquished Creatures (others)
  4 toadstools (D:4)
4 creatures vanquished.

Grand Total: 88 creatures vanquished

Notes
Turn   | Place    | Note
-------+----------+-------------------------------------------
     0 | D:1      | sl00ts the Octopode Transmuter began the quest for the Orb.
     0 | D:1      | Reached XP level 1. HP: 13/13 MP: 3/3
    25 | D:1      | Reached skill level 1 in Stealth
    25 | D:1      | Reached XP level 2. HP: 18/18 MP: 3/5
   342 | D:1      | Reached XP level 3. HP: 20/23 MP: 4/6
  1565 | D:2      | Reached XP level 4. HP: 28/28 MP: 5/7
  2662 | D:2      | Reached XP level 5. HP: 27/33 MP: 5/8
  3388 | D:3      | Learned a level 5 spell: Blade Hands
  3846 | D:4      | Noticed an ogre
  3865 | D:4      | Slain by an ogre

Levels and vault maps discovered:
D:1:      psy_arrival_conway, layout_basic, chequers_serial_rivers_large_a
D:2:      minmay_roachtagon, layout_basic
D:3:      layout_basic
D:4:      layout_loops_ring, lemuel_round_altar, zin_treasury,
          minmay_gold_behind_fungi

Skill      XL: |  1  2  3  4  5 |
---------------+----------------+-----
Stealth        | 1 2 3 |  3.7
Transmutations | 3 4 |  4.3
Unarmed Combat | 4 |  4.2
Fighting       | |  1.0
Dodging        | |  2.0
Spellcasting   | |  2.0

Action                   |  1- 3 |  4- 6 || total
-------------------------+-------+-------++-------
Melee: Unarmed           |    32 |       ||    32
       Constrict         |    16 |    44 ||    60
       Kick              |     6 |    22 ||    28
       Tentacles         |    12 |    30 ||    42
       Dagger            |    50 |   186 ||   236
       Punch             |     2 |     4 ||     6
 Cast: Beastly Appendage |     9 |    15 ||    24
  Use: Scroll            |     3 |     3 ||     6
 Stab: Sleeping          |     9 |    12 ||    21
  Eat: Ration            |     1 |       ||     1
       Chunk             |       |     6 ||     6
Armor: Skin              |     3 |     8 ||    11
Dodge: Dodged            |    33 |    69 ||   102

Table legend:
 A = Non-vault XP
 B = Vault XP
 C = Vault XP percentage of total XP
 D = Non-vault monster count
 E = Vault monster count
 F = Vault count percentage of total count
                 A         B        C        D         E       F
            +---------+---------+-------+---------+---------+-------
      Total |     301 |      14 |   4.4 |      73 |       7 |   8.8
            +---------+---------+-------+---------+---------+-------
        D:1 |      48 |       0 |   0.0 |      21 |       0 |   0.0
        D:2 |     105 |      14 |  11.8 |      25 |       7 |  21.9
        D:3 |      61 |       0 |   0.0 |      22 |       0 |   0.0
        D:4 |      87 |       0 |   0.0 |       5 |       0 |   0.0
            +---------+---------+-------+---------+---------+-------
